Unix NetHack Version 5.0.0-0 post-release - last build Jul 19 2026 19:10:59 (3aa4ab31751d3886436d94b585a96704892fd477,branch:main).

Game began 2026-07-29 19:12:18, ended 2026-07-29 19:23:54.

IanCurtis, chaotic male elven Wizard

                                                                    --
                                                                ----->---
                                                                 ..*....---
                                                                    -..<..--
                                                                    |...)..|
                                                                    |......|
                                                                    ---..---
                                                                      --[|
                                                                      --.---
                                                                      -G@..-
                                                                    .........-
                                                                |.............|
                                                                -.............|
                                                                 ---..---.--.--
                                                                   ---   -- --

IanCurtis the Conjurer    St:8 Dx:14 Co:12 In:17 Wi:11 Ch:14  Chaotic
Dlvl:5  $:60 HP:0(24) Pw:27(31) AC:9  Xp:3 T:1059  Burdened

Latest messages:
 That door is closed.
 You swap places with your kitten.
 The door resists!
 The door resists!
 The door resists!
 The door opens.
 That door is closed.
 The door opens.
 You feel full of energy.
 You swap places with your kitten.
 You descend the stairs.
 You climb up the stairs.
 You descend the stairs.
 You see here a slime mold.
 G - a slime mold.
 What do you want to dip? [a-oqrtuw-zA-CE-G or ?*] f
 Dip an uncursed potion of blindness into the fountain? [yn] (n) y
 Your potion of blindness dilutes.
 What do you want to dip? [a-oqrtuw-zA-CE-G or ?*] f
 Dip an uncursed diluted potion of blindness into the fountain? [yn] (n) y
 Your diluted potion of blindness dilutes further.
 You spot a gem in the sparkling waters!
 The fountain dries up!
 H - a blue gem.
 What do you want to drop? [$a-oqrtuw-zA-CE-H or ?*] H
 You drop a blue gem.
 You swap places with your kitten.
 The kitten is hit by a dart!
 You descend the stairs.
 The dwarf throws a dagger!
 The dagger misses the gnome.
 You are almost hit by a dagger.
 The gnome hits!
 You kill the gnome!
 You see here a potion of blindness.
 You have a little trouble lifting a potion of blindness.  Continue? [ynq] (q) y
 You have a little trouble lifting I - a potion of blindness.
 Your movements are slowed slightly because of your load.
 In what direction? j
 The spell hits the dwarf!
 You kill the dwarf!
 The spell hits the gnome!
 The gnome resists!
 You kill the gnome!
 You have a little trouble lifting $ - 22 gold pieces (60 in total).
 The gnome king hits!
 The gnome king hits!
 The gnome king hits!
 You die...
 Do you want your possessions identified? [ynq] (y) q

Inventory:
 Coins    ('$')
  $ - 60 gold pieces
 Weapons  (')')
  r - a +0 orcish dagger
  a - a blessed +1 quarterstaff (weapon in hands)
 Armor    ('[')
  b - an uncursed greased +0 cloak of magic resistance (being worn)
 Comestibles  ('%')
  G - an uncursed slime mold
  t - an uncursed lichen corpse
 Scrolls  ('?')
  i - an uncursed scroll of create monster
  y - an uncursed scroll of gold detection
  j - a blessed scroll of identify
  k - an uncursed scroll of identify
  A - a cursed scroll of punishment
  B - an uncursed scroll of remove curse
 Spellbooks  ('+')
  m - an uncursed spellbook of detect food
  C - an uncursed spellbook of detect monsters
  l - a blessed spellbook of force bolt
  z - an uncursed spellbook of teleport away named very difficult
 Potions  ('!')
  I - a blessed potion of blindness
  g - an uncursed potion of gain energy
  E - a blessed potion of healing
  w - an uncursed potion of invisibility
  F - a cursed potion of sickness
  f - an uncursed potion of water
  h - 2 uncursed potions of water
 Rings    ('=')
  e - an uncursed ring of conflict
  d - an uncursed ring of polymorph control
 Wands    ('/')
  c - a wand of striking (0:5)
 Tools    ('(')
  u - an empty uncursed bag of holding
  o - an uncursed tooled horn
  x - a can of grease (0:14)
  n - a magic marker (0:21)
  q - an uncursed oil lamp

IanCurtis the Wizard's attributes:

Background:
 You were a Conjurer, a level 3 male elven Wizard.
 You were chaotic, nominally on a mission for Anhur
 who was opposed by Ptah (lawful) and Thoth (neutral).
 You were right-handed.
 You were in the Gnomish Mines, on level 5.
 You entered the dungeon 1059 turns ago.
 There was a full moon in effect when your adventure ended.
 You had 73 experience points, 7 more were needed to attain level 4.

Basics:
 You had 0 out of 24 hit points.
 You had 27 out of 31 energy points (spell power).
 Your armor class was 9.
 Your wallet contained 60 zorkmids.
 Autopickup was off.

Final Characteristics:
 Your strength was 8 (limit:18).
 Your dexterity was 14 (limit:18).
 Your constitution was 12 (limit:16).
 Your intelligence was 17 (limit:20).
 Your wisdom was 11 (limit:20).
 Your charisma was 14 (limit:18).

Final Status:
 You weren't hungry.
 You were burdened; movement was slightly slowed.
 You were wielding a quarterstaff.
 You had basic skill with quarterstaff.

Final Attributes:
 You were devoutly aligned.
 You were magic-protected.
 You had infravision.
 You were warded.
 You were lucky.
 You are dead.

Miscellaneous:
 You didn't encounter any bones levels.
 Total elapsed playing time was 11 minutes and 36 seconds.

Major events:
 Turn
    1: IanCurtis the chaotic male elven Wizard entered the dungeon
  450: attained the rank of Conjurer (level 3)
 1047: entered the Gnomish Mines
 1059: killed by a gnome king

Spells:
 Name                 Level Category     Fail Retention
 force bolt             1   attack         0%  91%-100%
 detect food            2   divination    52%  76%-100%
 detect monsters        1   divination     0%  76%-100%

Skills:
 Fighting Skills
   bare handed combat [Unskilled]
   riding             [Unskilled]
 Weapon Skills
   dagger             [Unskilled]
   knife              [Unskilled]
   axe                [Unskilled]
   short sword        [Unskilled]
   club               [Unskilled]
   mace               [Unskilled]
   quarterstaff       [Basic]
   polearms           [Unskilled]
   spear              [Unskilled]
   trident            [Unskilled]
   sling              [Unskilled]
   dart               [Unskilled]
   shuriken           [Unskilled]
 Spellcasting Skills
   attack spells      [Basic]
   healing spells     [Unskilled]
   divination spells  [Unskilled]
   enchantment spells [Basic]
   clerical spells    [Unskilled]
   escape spells      [Unskilled]
   matter spells      [Unskilled]

Voluntary challenges:
 Character rerolling was not enabled.
 You were an atheist.
 You never genocided any monsters.
 You never polymorphed an object.
 You never changed form.
 You used no wishes.
Achievements:
 You attained the rank of Conjurer.
 You entered the Gnomish Mines.

 The Dungeons of Doom: levels 1 to 4
    Level 1:
       A sink.
    Level 2:
    Level 3:
    Level 4:
       A grave.
       Stairs down to The Gnomish Mines.
 The Gnomish Mines:
    Level 5: <- You were here.
       Final resting place for
          you, killed by a gnome king.


Vanquished creatures:
  a dwarf
  2 coyotes
  a hobbit
  a large kobold
  2 gnomes
  a jackal
  a fox
  3 goblins
  3 sewer rats
  2 grid bugs
  2 lichens
  4 newts
23 creatures vanquished.

No species were genocided or became extinct.

Game over:
                       ----------
                      /          \
                     /    REST    \
                    /      IN      \
                   /     PEACE      \
                  /                  \
                  |    IanCurtis     |
                  |      60 Au       |
                  |   killed by a    |
                  |    gnome king    |
                  |                  |
                  |                  |
                  |       2026       |
                 *|     *  *  *      | *
        _________)/\\_//(\/(/\)/\//\/|_)_______

Goodbye IanCurtis the Wizard...

You died in The Gnomish Mines on dungeon level 5 with 546 points,
and 60 pieces of gold, after 1059 moves.
You were level 3 with a maximum of 24 hit points when you died.

